 Dungeon Crawl Stone Soup version 0.30-a0-923-g828ccac5a3 (webtiles) character file.

Game seed: 16001722447969471067

694238 112233 the Acrobat (level 27, -9/227 (229) HPs)
             Began as an Octopode Air Elementalist on Mar 21, 2023.
             Was an Initiate of Gozag.
             Killed from afar by an Ice Fiend (17 damage)
             ... with a bolt of cold
             ... on level 19 of a ziggurat on Mar 22, 2023.
             The game lasted 03:46:18 (113419 turns).

112233 the Acrobat (Octopode Air Elementalist)    Turns: 113419, Time: 03:46:18

HP:   -9/227 (229)  AC: 25    Str: 21      XL:     27
MP:   28/57         EV: 42    Int: 48 (49) God:    Gozag
Gold: 5564          SH:  0    Dex: 17      Spells: 3/68 levels left

rFire   + + +      SeeInvis +    q - melded staff of air "Rifegom" {rElec Str+2 Int+3}
rCold   + . .      Faith    .    X - melded +0 buckler of Lanwef {Drain rN+ Int+7 Dex+2}
rNeg    + . .      Spirit   .    i - melded +0 mask of the Dragon {Will+ Slay+3 SInv}
rPois   ∞          Reflect  .    N - amulet "Xotsacvoymp" {Regen+ Str+3}
rElec   +          Rampage  .    d - ring of the Unkillable {*Slow rF++ Str+6 SInv Stlth+}
rCorr   .                        Q - +6 ring of intelligence
Will    +++..                    t - +4 ring of slaying
Stlth   +++                      I - ring "Tead" {rElec rPois AC+4 Int-3 Dex+8}
HPRegen 1.37/turn                L - ring "Xicsarr" {rElec Will+ Str+4 Int+6 Slay+2}
MPRegen 0.35/turn                U - ring "Mioth" {MP+9 Int+2 Dex-5 Slay+2}
                                 V - ring "Ogir" {Wiz rC+ Int+3}
                                 W - ring of Vaefeq {rF+ rN+ Int+6}

@: mighty, brilliant, storm-form, wereblooded, calling dragons, corroded, gold
aura, flying, hasted, studying 2 skills, lightly drained, invisible, very quick
A: cleaving, insubstantial, flying, almost no armour, amphibious, 8 rings,
(camouflage 1), (gelatinous body 1), (nimble swimmer 1), (tentacles), (antennae
1), (iridescent scales 1), robust 1
}: 4/15 runes: barnacled, silver, abyssal, gossamer
a: Blinkbolt, End Transformation, Renounce Religion, Potion Petition, Call
Merchant, Bribe Branch


You were on level 19 of a ziggurat.
You worshipped Gozag.
Gozag was greatly pleased with you.
You were a lightning-filled tempest!
You visited 12 branches of the dungeon, and saw 52 of its levels.
You visited the Abyss 1 time.
You visited 1 ziggurat, and saw 19 of its levels.
You also visited: Ossuary.

You collected 38857 gold pieces.
You spent 12408 gold pieces at shops.
You paid 20885 gold pieces to Gozag.

Inventory:

Hand Weapons
 O - the +8 trishula "Condemnation" {holy, anguish, *Noise Fly rN+}
   (You found it on level 13 of a ziggurat)

   rN:        It protects you from negative energy.
   Fly:       It grants you flight.
   *Noise:    It may make noises in combat.
Missiles
 k - 12 throwing nets
Armour
 i - the +0 mask of the Dragon (melded) {Will+ Slay+3 SInv}
   (You found it on level 10 of a ziggurat)

   Slay:      It affects your accuracy & damage with ranged weapons and melee
   (+3).
   SInv:      It lets you see invisible.
   Will:      It increases your willpower.
 D - a +5 kite shield of reflection
 X - the +0 buckler of Lanwef (melded) {Drain rN+ Int+7 Dex+2}
   (You acquired it on level 4 of the Shoals)

   Int:       It affects your intelligence (+7).
   Dex:       It affects your dexterity (+2).
   rN:        It protects you from negative energy.
   Drain:     It drains your maximum health when unequipped.
Magical Staves
 q - the staff of air "Rifegom" (melded) {rElec Str+2 Int+3}
   (You found it on level 3 of the Crypt)

   [staff of air]

   Base accuracy: +5 Base damage: 5 Base attack delay: 1.2 This weapon's minimum
   attack delay (0.6) is reached at skill level 12.
   Str:       It affects your strength (+2).
   Int:       It affects your intelligence (+3).
   rElec:     It insulates you from electricity.
   It falls into the 'Staves' category.
   It is a one-tentacled weapon.
 P - the staff of fire "Vireqaxa" {rPois rF+ rN+ Str-3 Int+7}
   (You found it on level 14 of a ziggurat)

   [staff of fire]

   Base accuracy: +5 Base damage: 5 Base attack delay: 1.2 This weapon's minimum
   attack delay (0.6) is reached at skill level 12.
   Str:       It affects your strength (-3).
   Int:       It affects your intelligence (+7).
   rF:        It protects you from fire.
   rPois:     It protects you from poison.
   rN:        It protects you from negative energy.
   It falls into the 'Staves' category.
   It is a one-tentacled weapon.
Jewellery
 d - the ring of the Unkillable (left tentacle) {*Slow rF++ Str+6 SInv Stlth+}
   (You acquired it on level 3 of the Elven Halls)

   [ring of strength]

   Str:       It affects your strength (+6).
   rF:        It greatly protects you from fire.
   SInv:      It lets you see invisible.
   *Slow:     It may slow you when you take damage.
   Stlth:     It makes you more stealthy.
 t - a +4 ring of slaying (on tentacle)
 I - the ring "Tead" (on tentacle) {rElec rPois AC+4 Int-3 Dex+8}
   (You found it on level 10 of a ziggurat)

   [ring of protection]

   AC:        It affects your AC (+4).
   Int:       It affects your intelligence (-3).
   Dex:       It affects your dexterity (+8).
   rElec:     It insulates you from electricity.
   rPois:     It protects you from poison.
 J - an amulet of magic regeneration
 L - the ring "Xicsarr" (on tentacle) {rElec Will+ Str+4 Int+6 Slay+2}
   (You found it on level 6 of a ziggurat)

   [ring of intelligence]

   Str:       It affects your strength (+4).
   Int:       It affects your intelligence (+6).
   Slay:      It affects your accuracy & damage with ranged weapons and melee
   (+2).
   rElec:     It insulates you from electricity.
   Will:      It increases your willpower.
 N - the amulet "Xotsacvoymp" (around neck) {Regen+ Str+3}
   (You took it off a deep elf sorcerer on level 3 of the Elven Halls)

   [amulet of regeneration]

   Str:       It affects your strength (+3).
   Regen:     It increases your rate of health regeneration.
 Q - a +6 ring of intelligence (right tentacle)
 U - the ring "Mioth" (on tentacle) {MP+9 Int+2 Dex-5 Slay+2}
   (You found it on level 3 of the Realm of Zot)

   [ring of magical power]

   Int:       It affects your intelligence (+2).
   Dex:       It affects your dexterity (-5).
   Slay:      It affects your accuracy & damage with ranged weapons and melee
   (+2).
   MP:        It affects your magic capacity (+9).
 V - the ring "Ogir" (on tentacle) {Wiz rC+ Int+3}
   (You bought it in a shop on level 1 of the Lair of Beasts)

   [ring of wizardry]

   It improves your spell success rate.
   Int:       It affects your intelligence (+3).
   rC:        It protects you from cold.
 W - the ring of Vaefeq (on tentacle) {rF+ rN+ Int+6}
   (You found it on level 3 of the Realm of Zot)

   [ring of protection from fire]

   Int:       It affects your intelligence (+6).
   rF:        It protects you from fire.
   rN:        It protects you from negative energy.
 Y - the ring "Zosesaf" {rPois rCorr Str+3 Dex+3}
   (You found it on level 12 of a ziggurat)

   [ring of poison resistance]

   Str:       It affects your strength (+3).
   Dex:       It affects your dexterity (+3).
   rPois:     It protects you from poison.
   rCorr:     It protects you from acid and corrosion.
Wands
 l - a wand of light (6)
 o - a wand of roots (7)
 v - a wand of digging (4)
 G - a wand of mindburst (36)
Scrolls
 b - 22 scrolls of magic mapping
 c - 9 scrolls of immolation
 f - 3 scrolls of poison
 g - 25 scrolls of teleportation
 h - 2 scrolls of summoning
 n - 7 scrolls of blinking
 p - 15 scrolls of vulnerability
 y - 5 scrolls of fear
 C - 42 scrolls of identify
 F - 10 scrolls of torment
 H - 24 scrolls of fog
 M - 3 scrolls of silence
Potions
 a - 7 potions of magic
 e - 5 potions of ambrosia
 j - 10 potions of brilliance
 m - 11 potions of might
 r - 2 potions of cancellation
 s - 10 potions of haste
 u - 6 potions of resistance
 w - 17 potions of heal wounds
 z - 5 potions of invisibility
 E - 26 potions of curing
 T - 8 potions of mutation
 Z - 3 potions of berserk rage
Miscellaneous
 x - a lightning rod (4/4)
 A - a condenser vane (inert)
 B - a box of beasts
 K - a phantom mirror
 S - a tin of tremorstones (2/2)


   Skills:
 + Level 22.8 Fighting
 + Level 24.3 Dodging
 - Level 2.8 Stealth
 - Level 8.4 Shields
 * Level 15.7 Unarmed Combat
 + Level 21.2 Spellcasting
 + Level 9.8 Conjurations
 - Level 20.0 Summonings
 - Level 11.6 Translocations
 - Level 14.2 Transmutations
 + Level 18.7 Air Magic
 - Level 3.7 Earth Magic
 - Level 14.7 Evocations


You had 3 spell levels left.
You knew the following spells:

 Your Spells              Type           Power      Damage    Failure   Level
a - Dragon's Call         Summ           76%        N/A       3%          9
b - Summon Horrible Thin  Summ           76%        N/A       1%          8
c - Storm Form            Tmut/Air       71%        N/A       1%          7
d - Wereblood             Tmut           100%       N/A       0%          2
e - Blink                 Tloc           100%       N/A       0%          2
f - Freezing Cloud        Conj/Ice/Air   59%        6-21      1%          5
g - Manifold Assault      Tloc           100%       N/A       1%          4
h - Maxwell's Capacitive  Air            74%        ∞         1%          8
i - Apportation           Tloc           100%       N/A       0%          1
j - Passwall              Tmut/Erth      97%        N/A       0%          2
k - Swiftness             Air            100%       N/A       0%          3
l - Statue Form           Tmut/Erth      78%        N/A       1%          6
m - Irradiate             Conj/Tmut      64%        3d33      1%          5
n - Ignite Poison         Fire/Tmut/Pois 98%        N/A       1%          3

Your spell library contained the following spells:

 Spells                   Type           Power      Damage    Failure   Level
 Beastly Appendage        Tmut           100%       N/A       0%          1
 Magic Dart               Conj           100%       1d8       0%          1
 Shock                    Conj/Air       100%       1d9       0%          1
 Sting                    Tmut/Pois      100%       1d8       0%          1
 Summon Small Mammal      Summ           100%       N/A       0%          1
 Call Imp                 Summ           100%       N/A       0%          2
 Lesser Beckoning         Tloc           100%       N/A       0%          2
 Momentum Strike          Conj/Tloc      100%       3d10      0%          2
 Poisonous Vapours        Pois/Air       100%       N/A       0%          2
 Static Discharge         Conj/Air       100%       2-7/arc   0%          2
 Call Canine Familiar     Summ           100%       N/A       0%          3
 Kindle Blastsparks       Fire/Tloc/Air  100%       2d18      0%          3
 Mephitic Cloud           Conj/Pois/Air  100%       N/A       0%          3
 Summon Guardian Golem    Hex/Summ       100%       N/A       0%          3
 Vhi's Electric Charge    Tloc/Air       100%       N/A       0%          3
 Foxfire                  Conj/Fire      100%       2x1d9     1%          1
 Kiss of Death            Conj/Necr      100%       2d13      1%          1
 Necrotise                Necr           100%       1d9       1%          1
 Sandblast                Erth           100%       2d20      1%          1
 Slow                     Hex            100%       N/A       1%          1
 Cigotuvi's Dreadful Rot  Necr/Pois/Air  100%       N/A       1%          2
 Ensorcelled Hibernation  Hex/Ice        100%       N/A       1%          2
 Scorch                   Fire           100%       2d10      1%          2
 Sublimation of Blood     Necr           66%        N/A       1%          2
 Confusing Touch          Hex            66%        N/A       1%          3
 Dazzling Flash           Conj/Hex       100%       N/A       1%          3
 Frozen Ramparts          Ice            100%       1d16      1%          3
 Hailstorm                Conj/Ice       99%        3d19      1%          3
 Inner Flame              Hex/Fire       66%        N/A       1%          3
 Portal Projectile        Hex/Tloc       100%       N/A       1%          3
 Spider Form              Tmut/Pois      100%       N/A       1%          3
 Stone Arrow              Conj/Erth      100%       3d13      1%          3
 Tukima's Dance           Hex            66%        N/A       1%          3
 Vampiric Draining        Necr           66%        2d10      1%          3
 Airstrike                Air            74%        2d(11-27) 0%          4
 Summon Lightning Spire   Summ/Air       100%       N/A       0%          4
 Summon Forest            Summ/Tloc      70%        N/A       0%          5
 Summon Cactus Giant      Summ           76%        N/A       0%          6
 Anguish                  Hex/Necr       33%        N/A       1%          4
 Cause Fear               Hex            33%        N/A       1%          4
 Dispel Undead            Necr           66%        3d23      1%          4
 Flame Wave               Conj/Fire      99%        2d21      1%          4
 Fulminant Prism          Conj/Hex       49%        3d21      1%          4
 Ice Form                 Ice/Tmut       100%       N/A       1%          4
 Iskenderun's Mystic Bla  Conj/Tloc      100%       2d19      1%          4
 Olgreb's Toxic Radiance  Pois           66%        N/A       1%          4
 Passage of Golubria      Tloc           100%       N/A       1%          4
 Petrify                  Tmut/Erth      100%       N/A       1%          4
 Sticky Flame             Conj/Fire      99%        2d11      1%          4
 Summon Ice Beast         Ice/Summ       100%       N/A       1%          4
 Alistair's Intoxication  Tmut/Pois      72%        N/A       1%          5
 Arcjolt                  Conj/Air       68%        1d78      1%          5
 Blade Hands              Tmut           68%        N/A       1%          5
 Borgnjor's Vile Clutch   Necr/Erth      40%        N/A       1%          5
 Fireball                 Conj/Fire      49%        3d19      1%          5
 Iskenderun's Battlesphe  Conj           100%       2d15      1%          5
 Lee's Rapid Deconstruct  Erth           46%        3d22*     1%          5
 Plasma Beam              Fire/Air       59%        2x1d82    1%          5
 Silence                  Hex/Air        59%        N/A       1%          5
 Summon Mana Viper        Hex/Summ       100%       N/A       1%          5
 Yara's Violent Unravell  Hex/Tmut       54%        3d21      1%          5
 Dispersal                Tloc           63%        N/A       1%          6
 Eringya's Noxious Bog    Tmut/Pois      54%        N/A       1%          6
 Dragon Form              Tmut           68%        N/A       1%          7
 Haunt                    Necr/Summ      60%        N/A       1%          7
 Malign Gateway           Summ/Tloc      70%        N/A       1%          7
 Monstrous Menagerie      Summ           76%        N/A       1%          7
 Summon Hydra             Summ           76%        N/A       1%          7
 Starburst                Conj/Fire      49%        6d14      2%          6
 Agony                    Necr           66%        N/A       3%          5
 Metabolic Englaciation   Hex/Ice        33%        N/A       3%          5
 Disjunction              Tloc           63%        N/A       8%          8
 Death Channel            Necr           33%        N/A       21%         6
 Chain Lightning          Conj/Air       68%        3d90      34%         9
 Necromutation            Tmut/Necr      54%        N/A       41%         8
 Lehudib's Crystal Spear  Conj/Erth      54%        10d13     45%         8
 Enfeeble                 Hex            33%        N/A       69%         7
 Discord                  Hex            33%        N/A       100%        8
 Ignition                 Fire           33%        3d10      100%        8
 Infestation              Necr           33%        N/A       100%        8
 Fire Storm               Conj/Fire      49%        8d13      100%        9
 Polar Vortex             Ice            33%        N/A       100%        9
 Animate Armour           Summ/Erth      Unusable   N/A       N/A         4
 Animate Dead             Necr           Unusable   N/A       N/A         4
 Simulacrum               Ice/Necr       Unusable   N/A       N/A         6

Dungeon Overview and Level Annotations

Branches:
Dungeon (15/15)            Temple (1/1) D:5            Lair (5/5) D:8
 Shoals (4/4) Lair:3       Spider (4/4) Lair:3        Slime (0/5) Lair:5
    Orc (2/2) D:10            Elf (3/3) Orc:2        Vaults (5/5) D:14
  Crypt (3/3) Vaults:3       Tomb (0/3) Crypt:3      Depths (4/4) D:15
   Hell (visited)             Zot (5/5) Depths:4    Ossuary (visited)
    Dis: Hell:1         Geh: Hell:1         Coc: Hell:1         Tar: Hell:1

Altars:
Ashenzari
Cheibriados
Dithmenos
Fedhas
Gozag
Makhleb
Nemelex Xobeh
Okawaru
Qazlal
Ru
Sif Muna
Trog
Vehumet
Wu Jian
Zin
The Shining One
Jiyva

Shops:
D:1 :   D:4 *   D:12 =   D:15 !   Orc:2 ?::[*:(   Elf:1 :==   Elf:2 (::
Elf:3 :   Lair:1 =(   Shoals:2 (   Vaults:1 (   Vaults:2 !   Vaults:3 [
Depths:1 [((!(   Depths:2 [   Depths:4 !:=:

Portals:
Hell: Depths:1 Depths:2 Depths:3 Depths:4
Abyss: Depths:4
Pandemonium: Depths:2 Depths:3
Trove: D:11 (give 13 potions of heal wounds)

Annotations:
D:3 exclusion: upstairs
D:4 1 runed translucent door, Crazy Yiuf
D:9 2 transporters, P0WERM0DE's ghost, novice DrEE
D:10 2 transporters, CrazyBamboolord's ghost, novice MfTm
D:11 exclusion: 2 downstairs
D:13 exclusion: upstairs
Lair:1 exclusion: downstairs
Lair:3 exclusion: upstairs
Spider:1 exclusion: downstairs
Orc:1 exclusion: downstairs
Elf:2 5 runed translucent doors
Crypt:2 2 runed translucent doors, Goac's ghost, veteran MiBe
Hell Geryon
Zot:1 2 transporters, Uweetenk's ghost, veteran AtFi


Innate Abilities, Weirdness & Mutations

You are a lightning-filled tempest!
Your electrical attacks strike out in all directions at once.
You are incredibly evasive.
Your insubstantial body is immune to petrification, constriction, and being set on fire You are flying.
You are immune to poison.
Your armour is entirely melded.
You are incapable of wielding weapons or throwing items.
You cannot wear most types of armour.
You are amphibious.
You can wear up to eight rings at the same time.
((Your skin changes colour to match your surroundings (Stealth+).))
((Your rubbery body absorbs attacks. (AC +1, EV +1)))
((You are camouflaged when in or above water. (Stealth+)))
((You have tentacles for arms and can constrict up to eight enemies at once.))
((You have a pair of small antennae on your head.))
((You are partially covered in iridescent scales. (AC +2)))
You are robust. (+10% HP)


Message History

The hell beast is engulfed in poison gas.
The hell beast is poisoned.
Something hits your quicksilver dragon.
Your quicksilver dragon is engulfed in flames!!
Your quicksilver dragon dies!
Your quicksilver dragon's corpse disappears in a puff of smoke!
The hell beast is engulfed in blazing flames.
The hell beast completely misses you. x2
The hellion is engulfed in blazing flames.
The balrug gestures at you. Something smites you!
* * * LOW HITPOINT WARNING * * *
Your large abomination hits the demonspawn corrupter!
The sixfirhy is engulfed in blazing flames.
The demonspawn corrupter is engulfed in blazing flames.
The demonspawn corrupter hits your large abomination with a +0 dire flail!
The demonspawn corrupter kicks your large abomination!
Veweh is engulfed in blazing flames.
Veweh is distracted by your dazzling golden aura.
The hellion is distracted by your dazzling golden aura.
The Executioner hits you but does no damage. x2
The Executioner misses you.
The revenant is engulfed in blazing flames.
The hell beast is engulfed in blazing flames.
The hell beast completely misses you. x2
A hell hound comes into view.
The Tzitzimitl calls on the powers of darkness!
Your shadow dragon convulses!
Your body is wracked with pain!
* * * LOW HITPOINT WARNING * * *
A balrug comes into view.
It is wielding a +1 demon whip of venom.
The cacodemon is engulfed in blazing flames.
The lorocyproca is distracted by your dazzling golden aura.
The Ice Fiend is engulfed in blazing flames.
The Ice Fiend gestures at you.
The bolt of cold hits the lorocyproca!!
The lorocyproca resists.
The lorocyproca is no longer distracted by gold.
The lorocyproca gives a chilling moan.
The bolt of cold hits you! You resist.
You die...
Your body crumbles into a pile of gold.

▓▓........4.....1
▓▓.........§§§§§§§
▓..........§§§§1§§
▓.........§☼☼§§§§§
▓.........☼2○112§§
▓........§X§☼§&§6h
▓▓........☼6222§§h2
▓..∩....§§zv2§§§D16
▓▓......§§§§11D§§34
▓......§§§§6§§§§§§
▓.........§§§§....
▓.............2..6
▓..............§§§
▓▓.............§§§
▓▓............§§§


You could see Veweh (unaware), a Hell Sentinel, a demonspawn warmonger (unaware,
unable to see you), 2 Tzitzimimeh, 3 Ice Fiends, a cacodemon, a demonspawn blood
saint (unable to see you), a demonspawn corrupter (unable to see you, ally
target), 2 demonspawn black suns, 2 hell beasts, a revenant (summoned), a
lorocyproca (invisible), 3 balrugs, an Executioner (fast), a hell hog
(wandering, unable to see you), an ice devil (unable to see you), a sixfirhy
(unable to see you), a hellion (unaware, unable to see you), a red devil (unable
to see you), a hell hound (distracted, catching breath), 2 friendly shadow
dragons and a friendly large abomination (summoned).

Vanquished Creatures
  2 orbs of fire (Zot:3)
  5 dread liches
  2 ancient liches (Zig:15)
  Mennas (Vaults:4)
  Sojobo (Crypt:2)
  A curse toe (Zot:4)
  2 bone dragons
  2 walking crystal tomes (Depths:2)
  A hellephant (Abyss:4)
  3 tentacled monstrosities
  Mlioglotl (Spider:2)
  2 deep elf blademasters (Elf:3)
  Asterion (Depths:1)
  5 liches
  Zenata (Vaults:4)
  4 titans
  An Orb Guardian (Zot:5)
  3 deep elf master archers
  An acid blob (shapeshifter) (Depths:3)
  A kraken (Shoals:2)
  4 sphinxes
  9 tentacled starspawn
  A death cob (Zot:1)
  Frances (Elf:1)
  7 ancient champions
  3 rockslimes (Zig:16)
  2 shadow dragons
  2 storm dragons
  5 tengu reavers
  Donald (Vaults:2)
  A nargun (Depths:2)
  2 azure jellies (Zig:16)
  2 revenants (Zig:11)
  2 frost giants (Vaults:5)
  An iron dragon (Depths:2)
  A nagaraja (Zig:9)
  A fire giant (Depths:3)
  2 draconian knights
  3 deep elf sorcerers (Elf:3)
  7 vault wardens
  7 emperor scorpions
  18 ghost moths
  An orc warlord (Vaults:1)
  A deep elf elementalist (Elf:3)
  A juggernaut skeleton (Crypt:3)
  A spriggan defender (Depths:2)
  2 broodmothers
  3 ghouls
  A war gargoyle (Zig:12)
  10 ironbound preservers
  3 quicksilver oozes (Zig:16)
  9 very ugly things
  6 ironbound thunderhulks
  5 stone giants
  2 green draconians
  2 deep elf demonologists (Elf:3)
  5 vampire knights
  A bunyip (Abyss:3)
  2 demonspawn black suns (Zig:17)
  2 white draconians
  A red draconian (Abyss:2)
  A lorocyproca (Zig:14)
  A dire elephant (shapeshifter) (Vaults:5)
  A black draconian (Zot:3)
  7 deep elf annihilators
  3 spark wasps
  9 dire elephants
  4 deep elf death magi
  Josephine (Lair:3)
  5 ettins
  7 merfolk impalers
  A merfolk javelineer (Shoals:4)
  A jiangshi (Vaults:3)
  2 eidola
  A crystal guardian (Vaults:2)
  5 deep elf high priests
  6 entropy weavers
  5 great orbs of eyes
  11 yaktaur captains
  Harold (D:9)
  A fire dragon (Depths:2)
  2 rakshasas (Abyss:3)
  2 peacekeepers (Vaults:2)
  2 jorogumos
  20 vault guards
  3 merfolk aquamancers
  12 centaur warriors
  3 hydras
  A catoblepas (D:14)
  4 radroaches
  A juggernaut simulacrum (Depths:1)
  3 merfolk avatars
  9 ironbound frosthearts
  6 two-headed ogres
  2 death knights
  6 boulder beetles
  7 dancing weapons
  A radroach (shapeshifter) (Vaults:1)
  A naga warrior (Zig:2)
  A tengu warrior (Depths:1)
  4 deep troll shamans
  5 death yaks
  6 vampire magi
  A sun demon (Depths:4)
  2 thrashing horrors
  6 hell knights
  11 wretched stars
  Sonja (Lair:1)
  3 soul eaters
  4 spriggans
  Amaemon (Lair:1)
  3 sixfirhies (Abyss:2)
  A titan skeleton (Crypt:2)
  4 sun moths
  6 deep elf knights
  A shadow wraith (Zig:11)
  7 pharaoh ants
  An iron troll (Depths:3)
  7 skeletal warriors
  2 spatial maelstroms
  10 sea snakes
  3 skysharks
  5 flayed ghosts
  A spriggan druid (Zig:3)
  13 orb spiders
  28 deep trolls
  10 deep elf archers
  3 glowing orange brains
  A swamp dragon (Zig:3)
  14 ironbound convokers
  20 deep elf zephyrmancers
  9 wizards
  A necromancer (Zig:9)
  A steelbarb worm (Spider:4)
  6 lindwurms
  2 orc knights (Orc:2)
  2 orange crystal statues (Zig:11)
  3 phantasmal warriors
  19 wolf spiders
  16 deep elf pyromancers
  2 orc sorcerers
  12 harpies
  23 starcursed masses
  14 cyclopes
  5 worldbinders
  8 manticores
  12 fauns
  A will-o-the-wisp (Abyss:2)
  2 shining eyes (Zig:16)
  23 ugly things
  An elephant (shapeshifter) (Zig:12)
  3 merfolk sirens
  A rust devil (Abyss:2)
  A fire giant skeleton (Crypt:2)
  14 elephants
  11 moths of wrath
  7 black mambas
  A moth of wrath (shapeshifter) (Depths:2)
  2 apocalypse crabs
  14 vault sentinels
  Maggie (D:8)
  6 demonic crawlers
  4 water nymphs (Shoals:4)
  3 naga magi
  2 orange demons
  16 cane toads
  10 smoke demons
  Psyche (D:9)
  5 torpor snails
  4 freezing wraiths
  A dire elephant skeleton (Crypt:2)
  2 kobold demonologists
  3 efreet
  15 yaktaurs
  A hellion (Abyss:3)
  2 rime drakes
  2 tengu conjurers
  A tormentor (Abyss:4)
  A spriggan skeleton (Depths:1)
  A green draconian zombie (Zot:2)
  4 ancient zymes
  6 komodo dragons
  2 harpy zombies
  2 meliai
  4 polar bears (Lair:5)
  5 nameless horrors
  8 hornets
  19 merfolk
  2 hellwings (Abyss:3)
  2 raiju (shapeshifter)
  8 trolls
  11 tarantellas
  11 wind drakes
  23 blink frogs
  2 harpy skeletons
  7 snapping turtles
  4 dream sheep (Shoals:2)
  19 raiju
  19 large abominations
  21 slime creatures
  16 small abominations
  A centaur simulacrum (D:12)
  3 vampires
  9 air elementals
  19 jumping spiders
  2 shadows
  9 culicivoras
  5 flying skulls
  A shapeshifter (Abyss:2)
  14 water elementals
  10 wyverns
  A ynoxinul (Abyss:4)
  62 yaks
  10 wraiths
  4 fire elementals
  A basilisk (shapeshifter) (D:15)
  8 neqoxecs
  A basilisk (Lair:1)
  5 chaos spawn
  4 fire bats (Abyss:2)
  3 steam dragons
  12 vampire mosquitoes
  Menkaure (D:7)
  27 redbacks
  A wind drake skeleton (Crypt:3)
  2 wargs (Orc:2)
  A naga (Abyss:2)
  3 acid dragons
  11 water moccasins
  A floating eye (Abyss:2)
  2 hell hounds (Orc:2)
  An ice beast (D:7)
  16 orc warriors
  4 black bears
  16 wolves
  6 ogres
  A hog zombie (Crypt:2)
  A sky beast (D:7)
  15 centaurs
  2 phantoms
  17 bullfrogs
  4 kobold brigands
  A scorpion (shapeshifter) (Zig:12)
  7 earth elementals
  A scorpion (D:6)
  10 wights (D:7)
  17 killer bees (D:9)
  A spriggan zombie (Crypt:1)
  4 howler monkeys
  8 electric eels
  A human zombie (Ossuary)
  15 orc priests
  3 hounds
  A quasit (Abyss:2)
  2 gnoll boudas
  4 jellies
  2 sleepcaps
  5 iguanas
  20 orc wizards
  An acid dragon zombie (Crypt:2)
  4 mummies
  11 gnolls
  10 adders
  A shadow imp (D:6)
  15 white imps
  2 ufetubi
  3 worms
  3 dart slugs
  63 orcs
  8 ball pythons
  10 endoplasms
  7 giant cockroaches
  6 goblins
  11 hobgoblins
  3 jackals (D:2)
  24 kobolds
  4 quokkas
  7 bats
  A frilled lizard (D:3)
  5 gnoll zombies (Ossuary)
  A goblin zombie (Ossuary)
  5 hobgoblin zombies (Ossuary)
  2 orc zombies (Ossuary)
  9 rats
  A snaplasher vine (Vaults:2)
  13 starspawn tentacles
1663 creatures vanquished.

Vanquished Creatures (collateral kills)
  3 dread liches
  3 ancient liches
  Frederick (Vaults:4)
  6 curse toes
  7 golden dragons
  3 bone dragons
  2 doom hounds (Zot:1)
  2 electric golems
  2 Hell Sentinels
  16 tentacled monstrosities
  2 walking crystal tomes (Depths:2)
  A hellephant (Zig:10)
  9 liches
  Grunn (Zot:1)
  2 walking earthen tomes (Depths:2)
  5 deep elf blademasters
  A titan (Vaults:5)
  6 Orb Guardians (Zot:5)
  5 acid blobs (Zig:16)
  A walking frostbound tome (Zig:14)
  An Executioner (Zot:4)
  2 deep elf master archers
  8 quicksilver dragons
  An eldritch tentacle (Abyss:3)
  An ancient champion (Crypt:3)
  14 death cobs
  3 sphinxes
  5 tentacled starspawn
  3 tengu reavers
  10 shadow dragons
  11 storm dragons
  Roxanne (Elf:1)
  Agnes (Spider:3)
  5 draconian monks
  3 narguns (Depths:2)
  5 fire giants
  5 draconian knights
  10 vault wardens
  6 frost giants
  3 deep elf sorcerers
  2 revenants
  Louise (Shoals:1)
  2 emperor scorpions (Spider:4)
  4 iron dragons
  A deep elf elementalist (Zig:13)
  5 spectral caustic shrikes (Depths:1)
  2 ghost moths
  Aizul (Spider:2)
  4 daevas
  4 draconian shifters
  7 draconian scorchers
  A draconian stormcaller (Depths:4)
  2 draconian annihilators
  A demonspawn corrupter (Zig:14)
  3 cacodemons (Zot:3)
  2 curse skulls
  A quicksilver ooze (Zig:16)
  2 orc warlords
  4 ghouls
  12 ironbound preservers
  13 vampire knights
  2 war gargoyles
  13 stone giants
  2 reapers
  3 ironbound thunderhulks
  An ophan (Abyss:2)
  19 very ugly things
  2 broodmothers
  4 deep elf demonologists
  A lorocyproca (Abyss:2)
  3 deep elf annihilators (Elf:3)
  6 red draconians
  9 green draconians
  A minotaur (shapeshifter) (Depths:3)
  5 black draconians
  5 yellow draconians
  3 purple draconians
  4 dire elephants
  6 white draconians
  A bunyip (shapeshifter) (Depths:2)
  5 spark wasps
  2 blizzard demons
  2 crystal guardians (Vaults:2)
  An ettin (shapeshifter) (Depths:2)
  8 ettins
  A green death (Abyss:2)
  7 deep elf death magi
  4 jiangshi (Crypt:1)
  5 eidola
  6 deep elf high priests
  3 fire dragons
  A spriggan zombie (Crypt:1)
  7 great orbs of eyes
  5 merfolk impalers
  3 yaktaur captains
  6 rakshasas
  2 ice dragons
  2 hell beasts (Depths:3)
  2 peacekeepers (Vaults:2)
  15 vault guards
  2 ogre magi
  2 merfolk avatars (Shoals:4)
  4 death knights
  A quicksilver dragon skeleton (Crypt:2)
  3 alligator snapping turtles (Shoals:4)
  4 ironbound frosthearts
  A boulder beetle (Spider:3)
  5 spriggan air magi
  A tengu warrior (Depths:2)
  6 hell hogs
  3 two-headed ogres
  A satyr (Shoals:4)
  6 dancing weapons
  4 merfolk aquamancers (Shoals:4)
  4 deep troll shamans
  A death scarab (Zig:17)
  6 vampire magi
  6 soul eaters
  3 orc high priests
  7 thrashing horrors
  A titan zombie (Abyss:3)
  11 deep troll earth magi
  2 titan skeletons
  2 skysharks (shapeshifter)
  7 spriggan berserkers
  A hell knight (Depths:3)
  9 deep elf knights
  A fire crab (shapeshifter) (Vaults:5)
  A storm dragon zombie (Zot:2)
  5 shadow wraiths
  16 wretched stars
  14 skeletal warriors
  4 iron trolls
  A storm dragon skeleton (Crypt:1)
  3 pharaoh ants
  A bunyip zombie (Crypt:1)
  A golden dragon zombie (Depths:1)
  5 sixfirhies
  An obsidian statue (Zig:11)
  8 orb spiders
  A shadow demon (Abyss:3)
  4 sea snakes
  28 deep trolls
  A bog body (Crypt:3)
  8 flayed ghosts
  39 starcursed masses
  3 glowing orange brains
  7 wizards
  3 deep elf archers
  6 ironbound convokers
  A bunyip skeleton (Abyss:2)
  12 phantasmal warriors
  4 steelbarb worms
  An orc knight (Zig:5)
  6 necromancers
  A fire giant zombie (Crypt:1)
  19 deep elf zephyrmancers
  11 wolf spiders
  11 deep elf pyromancers
  9 harpies
  A salamander (shapeshifter) (Depths:2)
  2 will-o-the-wisps
  5 shining eyes
  2 orc sorcerers
  2 sphinx skeletons
  2 manticores (Shoals:4)
  4 fauns
  4 worldbinders
  A salamander (Abyss:3)
  17 ugly things
  An iron dragon skeleton (Crypt:2)
  A draconian skeleton (Zot:2)
  An elephant (shapeshifter) (Vaults:5)
  34 moths of wrath
  An ice statue (Zig:11)
  2 eyes of devastation (Abyss:2)
  2 merfolk sirens (Shoals:4)
  3 demonic crawlers
  2 naga magi
  A guardian serpent (Abyss:3)
  2 rust devils
  13 smoke demons
  2 apocalypse crabs (Abyss:2)
  6 vault sentinels
  A black mamba (Zig:2)
  4 torpor snails
  A water nymph (Shoals:2)
  A torpor snail (shapeshifter) (Zig:5)
  2 cane toads (Lair:5)
  A human zombie (Vaults:5)
  An elephant slug zombie (Crypt:3)
  2 efreet
  A yaktaur (shapeshifter) (Vaults:5)
  15 yaktaurs
  A dire elephant skeleton (Abyss:2)
  An orange demon (Abyss:2)
  An ice devil (Zig:19)
  6 freezing wraiths
  A naga skeleton (Crypt:1)
  A steelbarb worm zombie (Crypt:2)
  2 tengu conjurers (Depths:3)
  A guardian mummy (Crypt:3)
  A red draconian skeleton (Crypt:1)
  A pale draconian skeleton (Crypt:3)
  8 ancient zymes
  3 trolls (Zig:8)
  A golden dragon simulacrum (Depths:1)
  3 harpy zombies
  3 merfolk (shapeshifter) (Depths:2)
  A hornet (Spider:4)
  10 merfolk
  2 meliai (Spider:4)
  A tengu simulacrum (Vaults:5)
  18 large abominations
  13 tarantellas
  2 hellwings
  22 raiju
  4 wind drakes (Shoals:4)
  2 snapping turtles
  An ettin skeleton (Crypt:1)
  A jumping spider (shapeshifter) (Depths:2)
  2 air elementals
  17 jumping spiders
  11 culicivoras
  20 flying skulls
  12 slime creatures
  A spriggan (shapeshifter) (Depths:2)
  6 ynoxinuls
  5 yaks (Lair:5)
  2 culicivoras (shapeshifter) (Depths:2)
  8 water elementals
  A yak (shapeshifter) (Vaults:5)
  2 wraiths
  A basilisk (shapeshifter) (Depths:2)
  A fire elemental (Elf:1)
  2 chaos spawn (Abyss:2)
  3 neqoxecs
  A tyrant leech zombie (Crypt:3)
  A golden eye (shapeshifter) (Depths:2)
  3 golden eyes (Abyss:2)
  A human simulacrum (Vaults:2)
  17 redbacks
  A warg (shapeshifter) (Depths:2)
  2 spatial vortices (Abyss:3)
  A naga zombie (Crypt:1)
  2 swamp worms (shapeshifter)
  A floating eye (Depths:2)
  5 nameless horrors
  A merfolk skeleton (Crypt:1)
  5 orc warriors (Zig:8)
  An ice beast (Vaults:2)
  A wolf (Lair:5)
  A swamp dragon zombie (Crypt:2)
  2 ogres
  A swamp dragon skeleton (Crypt:3)
  17 small abominations
  A manticore skeleton (Crypt:2)
  A yaktaur zombie (Crypt:1)
  A bullfrog (shapeshifter) (Vaults:5)
  2 earth elementals
  2 necrophages (Crypt:1)
  A cyclops skeleton (Crypt:1)
  An electric eel (Spider:4)
  A crimson imp (Abyss:2)
  4 quasits (Abyss:2)
  2 orc priests (Zig:8)
  2 iron imps (Abyss:2)
  2 orc wizards
  10 mummies (Crypt:3)
  A howler monkey zombie (Crypt:2)
  A shadow imp (Abyss:2)
  2 white imps (Abyss:2)
  3 ufetubi (Abyss:2)
  A gnoll zombie (Crypt:3)
  A jackal skeleton (Crypt:3)
  A kobold zombie (Crypt:1)
  A rat zombie (Crypt:1)
  2 lurking horrors (Abyss:2)
  4 starspawn tentacles
1222 creatures vanquished.

Vanquished Creatures (others)
  Nikola (Spider:3)
  2 tentacled starspawn (Abyss:2)
  A cacodemon (Abyss:2)
  A purple draconian (Zot:4)
  A yellow draconian (Zot:2)
  2 green deaths (Abyss:2)
  3 deep trolls (Vaults:2)
  A glowing orange brain (Abyss:2)
  2 large abominations (Abyss:2)
  A deep elf zephyrmancer (Elf:3)
  A dire elephant zombie (Abyss:2)
  A merfolk siren (Shoals:4)
  An ancient zyme (Abyss:2)
  A minotaur skeleton (Abyss:2)
  A wind drake (Shoals:4)
  A merfolk (Shoals:4)
  A raiju (Abyss:2)
  A tarantella (Spider:3)
  A flying skull (Abyss:3)
  A ynoxinul (Abyss:2)
  4 starcursed masses (Abyss:2)
  A golden eye (Zig:10)
  A neqoxec (Abyss:2)
  3 small abominations (Abyss:2)
  A white imp (D:12)
  An ufetubus (Abyss:2)
  An orc (Elf:3)
  6 foxfires
  97 fungi
  A lurking horror (Abyss:2)
  189 plants
  29 snaplasher vines
  22 starspawn tentacles
  5 tentacles (Shoals:2)
386 creatures vanquished.

Grand Total: 3271 creatures vanquished

Notes
Turn   | Place    | Note
-------+----------+-------------------------------------------
     0 | D:1      | 112233 the Octopode Air Elementalist began the quest for
                  | the Orb.
     0 | D:1      | Reached XP level 1. HP: 11/11 MP: 3/3
   375 | D:1      | Reached XP level 2. HP: 17/17 MP: 0/5
   605 | D:1      | Found Moczofot's Vocational Training.
  1606 | D:2      | Reached XP level 3. HP: 21/21 MP: 4/7
  1986 | D:3      | Learned a level 2 spell: Static Discharge
  2519 | D:3      | Reached XP level 4. HP: 12/27 MP: 2/10
  2764 | D:3      | Reached XP level 5. HP: 5/31 MP: 8/12
  2916 | D:2      | Found a radiant altar of Vehumet.
  3002 | D:2      | Learned a level 4 spell: Airstrike
  3006 | D:2      | Learned a level 3 spell: Swiftness
  4263 | D:3      | Reached skill level 1 in Fighting
  4263 | D:3      | Reached skill level 1 in Shields
  4263 | D:3      | Reached XP level 6. HP: 19/38 MP: 5/13
  5024 | D:3      | Reached skill level 5 in Spellcasting
  5323 | D:4      | Found Souryaph's Assorted Antiques.
  5634 | D:4      | Found a sand-covered staircase.
  5641 | Ossuary  | Entered an ossuary
  5718 | Ossuary  | Reached skill level 3 in Dodging
  5718 | Ossuary  | Reached XP level 7. HP: 29/44 MP: 12/14
  6218 | D:4      | Found a runed translucent door.
  6219 | D:4      | Noticed Crazy Yiuf
  6595 | D:5      | Entered Level 5 of the Dungeon
  7005 | D:5      | Found a staircase to the Ecumenical Temple.
  7020 | Temple   | Entered the Ecumenical Temple
  7025 | Temple   | Became a worshipper of Gozag Ym Sagoz the Greedy
  7062 | D:5      | HP: 2/45 [sleepcap (9)]
  7530 | D:5      | Reached XP level 8. HP: 8/51 MP: 9/16
  7895 | D:5      | Found a stormy altar of Qazlal.
  7895 | D:5      | Found a sparkling altar of Nemelex Xobeh.
  8106 | D:5      | Reached skill level 4 in Dodging
  9017 | D:6      | Reached skill level 5 in Air Magic
  9134 | D:6      | Noticed a shadow
  9147 | D:6      | Killed a shadow
  9321 | D:6      | Reached XP level 9. HP: 52/58 MP: 0/18
  9522 | D:6      | Reached skill level 5 in Dodging
  9662 | D:6      | Found an ornate altar of the Wu Jian Council.
  9871 | D:7      | Noticed a boulder beetle
  9889 | D:6      | Killed a boulder beetle
 10175 | D:7      | Reached skill level 5 in Fighting
 10175 | D:7      | Reached skill level 5 in Shields
 11115 | D:7      | Reached skill level 6 in Dodging
 11121 | D:7      | Noticed Menkaure
 11128 | D:7      | Killed Menkaure
 11129 | D:7      | Reached XP level 10. HP: 67/67 MP: 11/20
 12078 | D:8      | Found a bloodstained altar of Trog.
 12085 | D:8      | Found a snail-covered altar of Cheibriados.
 12204 | D:8      | Noticed a two-headed ogre
 12211 | D:8      | Killed a two-headed ogre
 12401 | D:8      | Noticed Maggie
 12406 | D:8      | Killed Maggie
 12911 | D:8      | Found a staircase to the Lair.
 12916 | D:8      | Reached skill level 7 in Dodging
 13729 | D:9      | Reached XP level 11. HP: 36/74 MP: 19/23
 14098 | D:9      | Found a transporter.
 14109 | D:9      | Noticed a two-headed ogre
 14111 | D:9      | Found a bloodstained altar of Trog.
 14111 | D:9      | Noticed P0WERM0DE's ghost (novice DrEE)
 14112 | D:9      | Noticed a tengu warrior
 14113 | D:9      | Noticed a moth of wrath
 14123 | D:9      | Noticed a two-headed ogre
 14348 | D:9      | Found a blossoming altar of Fedhas.
 14375 | D:9      | Found a shimmering blue altar of Sif Muna.
 14410 | D:9      | Noticed Psyche
 14493 | D:9      | Killed a two-headed ogre
 14689 | D:9      | Killed Psyche
 15199 | D:9      | Noticed Harold
 15220 | D:10     | Entered Level 10 of the Dungeon
 15392 | D:10     | Found a burning altar of Makhleb.
 15486 | D:10     | Found a transporter.
 15490 | D:10     | Found a transporter.
 15490 | D:10     | Noticed CrazyBamboolord's ghost (novice MfTm)
 16106 | D:10     | Found a staircase to the Orcish Mines.
 16529 | D:10     | Noticed a manticore
 16540 | D:10     | Killed a manticore
 16681 | D:10     | Reached skill level 8 in Dodging
 17171 | D:11     | Noticed a cyclops
 17175 | D:11     | Killed a cyclops
 17564 | D:11     | Noticed a purple ugly thing
 17594 | D:11     | Killed a purple ugly thing
 17665 | D:11     | Noticed a manticore
 17671 | D:11     | Killed a manticore
 17800 | D:11     | Noticed a centaur warrior
 17805 | D:12     | Found a frozen archway.
 17810 | D:12     | Noticed a two-headed ogre
 17814 | D:12     | Noticed a wizard
 17969 | Orc:1    | Entered Level 1 of the Orcish Mines
 18416 | Orc:1    | Reached XP level 12. HP: 83/83 MP: 21/25
 18639 | Orc:1    | You fall into a shaft and drop 1 floor!
 18639 | Orc:2    | Entered Level 2 of the Orcish Mines
 18856 | Orc:2    | Found a staircase to the Elven Halls.
 18969 | Orc:2    | Found Rinuosk's Antique Armour Boutique.
 19387 | Orc:2    | Noticed a stone giant
 19407 | Orc:1    | Reached skill level 9 in Dodging
 19806 | Orc:2    | Noticed an ettin
 19806 | Orc:2    | Found Ujitohut's Antique Weapon Shop.
 19895 | Orc:2    | Killed a stone giant
 20247 | Orc:2    | Noticed an ettin
 20525 | Orc:2    | Killed an ettin
 20991 | Orc:2    | Found Fumnapimn's Book Shop.
 21132 | Orc:2    | Reached skill level 10 in Air Magic
 21319 | Orc:2    | Bought a book of Spatial Translocations for 198 gold pieces
 21322 | Orc:2    | Learned a level 2 spell: Blink
 21330 | Orc:2    | Found Syosusao's General Store.
 21357 | Orc:2    | Bought a +0 rapier for 64 gold pieces
 21357 | Orc:2    | Bought a scroll of noise for 16 gold pieces
 21635 | Orc:2    | Noticed an ettin
 21636 | Orc:2    | Killed an ettin
 21637 | Orc:2    | Reached skill level 10 in Spellcasting
 21641 | Orc:2    | Killed an ettin
 21642 | Orc:2    | Reached XP level 13. HP: 90/90 MP: 0/27
 21989 | D:4      | Bought a short brass wand for 112 gold pieces
 21989 | D:4      | Bought a bubbling orange potion for 25 gold pieces
 22115 | D:9      | Killed Harold
 22116 | D:9      | Reached skill level 10 in Dodging
 22292 | D:9      | Found a transporter.
 22846 | D:1      | Bought a manual of Evocations for 1120 gold pieces
 23007 | Lair:1   | Entered Level 1 of the Lair of Beasts
 23007 | Lair:1   | Noticed Sonja
 23011 | Lair:1   | Killed Sonja
 23012 | Lair:1   | Reached skill level 1 in Evocations
 23239 | Lair:1   | Noticed Amaemon
 23250 | Lair:1   | Killed Amaemon
 23251 | Lair:1   | Reached skill level 10 in Fighting
 25855 | Lair:1   | Bought the ring "Ogir" {Wiz rC+ Int+3} for 704 gold pieces
 25855 | Lair:1   | Bought a +5 ring of evasion for 504 gold pieces
 26099 | Lair:2   | Reached skill level 5 in Evocations
 28137 | D:11     | Reached skill level 11 in Dodging
 28343 | D:11     | Found a portal to a secret trove of treasure.
 29188 | D:13     | Reached XP level 14. HP: 99/99 MP: 5/29
 30640 | D:12     | Found Daykigy's Jewellery Emporium.
 30646 | D:12     | Bought the ring "Ruegrihyu" {Will+ MP+9} for 423 gold
                  | pieces
 30646 | D:12     | Bought a ring of magical power for 260 gold pieces
 34749 | D:14     | HP: 5/101 [efreet/fireball (19)]
 35583 | D:15     | Entered Level 15 of the Dungeon
 35689 | D:15     | Found a staircase to the Depths.
 35689 | D:15     | Noticed a stone giant
 35694 | D:15     | Killed a stone giant
 36767 | Lair:2   | Learned a level 3 spell: Mephitic Cloud
 36824 | Lair:3   | Noticed Josephine
 36835 | Lair:3   | Killed Josephine
 37458 | Lair:3   | Reached skill level 10 in Evocations
 37783 | Lair:3   | Found a staircase to the Shoals.
 37793 | Lair:3   | Reached skill level 12 in Dodging
 38581 | Lair:3   | Reached XP level 15. HP: 108/108 MP: 30/30
 38677 | Lair:3   | Found a hole to the Spider Nest.
 40902 | Shoals:1 | Entered Level 1 of the Shoals
 43100 | Lair:5   | Entered Level 5 of the Lair of Beasts
 43104 | Lair:5   | Found a viscous altar of Jiyva.
 43104 | Lair:5   | Found a staircase to the Slime Pits.
 43791 | Elf:1    | Entered Level 1 of the Elven Halls
 45451 | D:14     | Found a gate to the Vaults.
 45741 | D:15     | Identified the +8 flail of Havoc {flame, *Noise +Blink
                  | rCorr Int-2}
 46834 | D:15     | Reached skill level 13 in Dodging
 47338 | Orc:2    | Bought a book of Storms for 480 gold pieces
 47343 | Orc:2    | Learned a level 4 spell: Summon Lightning Spire
 47719 | D:15     | Found Azxuok's Distillery.
 47726 | D:15     | Bought 2 potions of heal wounds for 130 gold pieces
 47992 | D:15     | Reached skill level 1 in Summonings
 48814 | Lair:5   | Reached XP level 16. HP: 117/117 MP: 32/32
 50534 | Orc:2    | Bought a book of the Wilderness for 570 gold pieces
 50540 | Orc:2    | Learned a level 5 spell: Summon Forest
 51759 | Elf:1    | Noticed Frances
 51785 | Elf:1    | HP: 4/117 [Frances/iron shot (30)]
 51786 | Elf:1    | Killed Frances
 52707 | Elf:1    | Learned a level 5 spell: Summon Mana Viper
 52830 | Elf:1    | Identified Roxanne's Compilation of Tephra
 52830 | Elf:1    | Noticed Roxanne
 54237 | Elf:1    | Reached XP level 17. HP: 123/123 MP: 34/34
 54360 | Elf:1    | Killed Roxanne
 54741 | Elf:1    | Learned a level 2 spell: Passwall
 54748 | Elf:1    | Learned a level 6 spell: Statue Form
 54758 | Elf:1    | Found Huheonid's Book Emporium.
 54758 | Elf:1    | Found Ysus's Jewellery Boutique.
 54759 | Elf:1    | Found Filirergh's Jewellery Boutique.
 54769 | Elf:1    | Bought an amulet of magic regeneration for 480 gold pieces
 54872 | Elf:2    | Found Quekliaz's Weapon Shop.
 54929 | Elf:2    | Reached skill level 1 in Transmutations
 54983 | Elf:2    | HP: 4/123 [deep elf knight/+0 short sword (14)]
 55504 | Elf:2    | Found a huge runed translucent gate.
 55504 | Elf:2    | Found a huge runed translucent gate.
 55504 | Elf:2    | Found a huge runed translucent gate.
 55509 | Elf:2    | Found a huge runed translucent gate.
 55511 | Elf:2    | Found a huge runed translucent gate.
 55511 | Elf:2    | Identified the +4 scimitar of Ynkedd {heavy, Int+4}
 55600 | Elf:2    | Reached skill level 14 in Dodging
 55911 | Elf:2    | Found Oxirug's Book Boutique.
 55914 | Elf:2    | Found Ecimn's Book Shoppe.
 56124 | Elf:2    | Bought a book of Party Tricks for 192 gold pieces
 56126 | Elf:2    | Learned a level 1 spell: Apportation
 56377 | Elf:3    | Entered Level 3 of the Elven Halls
 56377 | Elf:3    | Found Giwam's Book Shoppe.
 57341 | Elf:3    | Noticed a deep elf blademaster
 57351 | Elf:3    | Killed a deep elf blademaster
 57352 | Elf:3    | Reached XP level 18. HP: 92/131 MP: 20/35
 58404 | Elf:3    | Identified a scroll of acquirement
 58405 | Elf:3    | Acquired the ring of the Unkillable {*Slow rF++ Str+6 SInv
                  | Stlth+}
 58449 | Elf:3    | Noticed a deep elf master archer
 58456 | Elf:3    | Killed a deep elf master archer
 59157 | Elf:3    | Noticed a deep elf blademaster
 59176 | Elf:3    | Killed a deep elf blademaster
 59595 | Elf:3    | Identified the ring of Wisoq {Fire Str+8}
 59595 | Elf:3    | Identified the amulet "Xotsacvoymp" {Regen+ Str+3}
 59768 | Elf:3    | Upgraded the game from 0.30-a0-919-g9323dee000 to
                  | 0.30-a0-923-g828ccac5a3
 60061 | Spider:1 | Entered Level 1 of the Spider Nest
 60362 | Spider:1 | Reached skill level 1 in Earth Magic
 61577 | Spider:2 | Noticed Mlioglotl
 61580 | Spider:2 | Reached skill level 5 in Transmutations
 62721 | Shoals:1 | Noticed Louise
 62730 | Shoals:1 | Killed Louise
 64636 | Shoals:2 | Found Roegge's Weapon Shoppe.
 65374 | Shoals:3 | Identified the +5 rapier of Quick Death {holy, MP+9}
 65931 | Shoals:3 | Identified the +0 cloak "Heotex" {rPois Int+3}
 66535 | Shoals:4 | Entered Level 4 of the Shoals
 67161 | Shoals:4 | Reached XP level 19. HP: 119/137 MP: 37/37
 67530 | Shoals:4 | Found a stormy altar of Qazlal.
 67550 | Shoals:4 | Reached skill level 15 in Dodging
 67788 | Shoals:4 | Acquired the +0 buckler of Lanwef {Drain rN+ Int+7 Dex+2}
 68157 | Shoals:4 | Paralysed by an air elemental for 1 turns
 68376 | Shoals:4 | Paralysed by an air elemental for 1 turns
 68630 | Shoals:4 | Got a barnacled rune of Zot
 68842 | Shoals:4 | Reached skill level 15 in Fighting
 69179 | Shoals:4 | Found a stormy altar of Qazlal.
 70023 | Spider:2 | Killed Mlioglotl
 70424 | Spider:2 | Noticed Aizul
 70432 | Spider:2 | Killed Aizul
 70471 | Spider:2 | Identified the +12 quarterstaff "Dymukib" {flame, Fragile
                  | rC+++ Str+3 Int-3}
 70887 | Spider:3 | Noticed Nikola
 71004 | Spider:3 | Killed Nikola
 72128 | Spider:3 | Noticed Agnes
 72135 | Spider:3 | Killed Agnes
 72258 | Spider:4 | Entered Level 4 of the Spider Nest
 72454 | Spider:4 | Reached XP level 20. HP: 145/145 MP: 38/38
 72559 | Spider:4 | Reached skill level 10 in Transmutations
 73111 | Spider:4 | Reached skill level 15 in Spellcasting
 73685 | Spider:4 | Got a gossamer rune of Zot
 74452 | Orc:2    | Bought the Guidebook on Congregated Attacks for 680 gold
                  | pieces
 74458 | Orc:2    | Learned a level 5 spell: Irradiate
 74529 | Elf:1    | Bought Maxwell's Memoranda for 570 gold pieces
 74614 | Elf:2    | Learned a level 5 spell: Arcjolt
 74749 | Elf:3    | Bought a book of Ice for 460 gold pieces
 74815 | Elf:3    | Identified the +1 leather armour of Elitism {Will- Int+6}
 74855 | Elf:3    | Reached skill level 10 in Summonings
 75246 | Elf:3    | Identified the +1 bardiche "Pifeaf" {freeze, Int+2}
 75741 | Elf:3    | Reached skill level 16 in Dodging
 75987 | Orc:2    | Bought a scroll of teleportation for 54 gold pieces
 75987 | Orc:2    | Bought a scroll of teleportation for 54 gold pieces
 75987 | Orc:2    | Bought a scroll of teleportation for 54 gold pieces
 76198 | Vaults:1 | Entered Level 1 of the Vaults
 77342 | Vaults:1 | Found Juzaif's Antique Weapon Emporium.
 77886 | Vaults:2 | Reached XP level 21. HP: 153/153 MP: 40/40
 78292 | Vaults:2 | Learned a level 8 spell: Summon Horrible Things
 78402 | Vaults:2 | Noticed Donald
 78410 | Vaults:2 | Killed Donald
 79169 | Vaults:2 | You fall into a shaft and drop 1 floor!
 79270 | Vaults:3 | Found Nuja's Antique Armour Boutique.
 79287 | Vaults:3 | Bought a hat for 116 gold pieces
 80310 | Vaults:3 | Reached skill level 17 in Dodging
 80619 | Vaults:2 | Identified the +1 arbalest "Defuwk" {antimagic, *Slow Str+3
                  | Int+2}
 80763 | Vaults:2 | Reached XP level 22. HP: 162/162 MP: 42/42
 80836 | Vaults:2 | Found Qequcriej's Distillery.
 80844 | Vaults:2 | Bought a potion of invisibility for 96 gold pieces
 80844 | Vaults:2 | Bought a potion of haste for 120 gold pieces
 81198 | Vaults:3 | Found a staircase to the Crypt.
 81386 | Vaults:4 | Noticed Zenata
 81416 | Vaults:4 | Killed Zenata
 82060 | Vaults:4 | Noticed Frederick
 82065 | Vaults:4 | Killed Frederick
 82703 | Vaults:4 | Noticed Mennas
 82737 | Vaults:4 | Killed Mennas
 83296 | Depths:1 | Entered Level 1 of the Depths
 83319 | Depths:1 | Reached skill level 15 in Summonings
 83371 | Depths:1 | Found Ryhes's Weapon Boutique.
 83391 | Depths:1 | Found Keuvul Odeh's Distillery.
 83391 | Depths:1 | Found Kaseobb's Weapon Boutique.
 83422 | Depths:1 | Found Kasaer's Antique Weapon Shop.
 83431 | Depths:1 | Bought a potion of invisibility for 168 gold pieces
 83431 | Depths:1 | Bought a potion of mutation for 168 gold pieces
 83447 | Depths:1 | Noticed Asterion
 83460 | Depths:1 | Found a shadowy altar of Dithmenos.
 83463 | Depths:1 | Killed Asterion
 83628 | Depths:1 | Found Qipp's Antique Armour Shop.
 83694 | Depths:1 | Found an iron altar of Okawaru.
 83945 | Depths:1 | Found a gateway to Hell.
 84757 | Depths:2 | Reached XP level 23. HP: 170/170 MP: 40/44
 84897 | Depths:2 | Found a one-way gateway to a ziggurat.
 84969 | Depths:2 | Found Huxtewkeo's Armour Emporium.
 85211 | Depths:2 | Reached skill level 18 in Dodging
 85733 | Depths:2 | Paralysed by a floating eye for 4 turns
 85938 | Depths:2 | Found a one-way gate leading to the halls of Pandemonium.
 86157 | Depths:2 | Noticed a golden dragon
 86165 | Depths:2 | Killed a golden dragon
 86397 | Depths:2 | Got the Directory of Force
 86399 | Depths:2 | Identified the staff of death "Woxker Ceuf" {rN+ rCorr
                  | Str+3 Int+3}
 86410 | Depths:2 | Learned a level 5 spell: Freezing Cloud
 87394 | Depths:3 | Reached skill level 15 in Air Magic
 88213 | Depths:3 | an iron giant changed into a caustic shrike
 88213 | Depths:3 | Noticed a caustic shrike (glowing shapeshifter)
 88213 | Depths:3 | a caustic shrike changed into an acid blob
 88541 | Depths:3 | Identified the +4 triple sword of Fouffusist {antimagic,
                  | rElec rC- Str+3 Dex-3 Stlth+}
 89023 | Depths:4 | Entered Level 4 of the Depths
 89265 | Depths:4 | Reached XP level 24. HP: 179/179 MP: 44/44
 89312 | Depths:4 | Reached skill level 5 in Conjurations
 89383 | Depths:4 | HP: 3/232 [spriggan berserker/+0 hand axe (12)]
 90037 | Depths:4 | Found Sehicote's Book Boutique.
 90045 | Depths:4 | Bought the Grimoire of Cold and Trauma for 576 gold pieces
 90109 | Depths:4 | Found a gate to the Realm of Zot.
 90221 | Depths:4 | Found a one-way gate to the infinite horrors of the Abyss.
 90472 | Depths:4 | Bought a potion of magic for 104 gold pieces
 90472 | Depths:4 | Bought a potion of cancellation for 104 gold pieces
 90472 | Depths:4 | Bought a potion of mutation for 104 gold pieces
 90528 | Hell     | Entered the Vestibule of Hell
 90528 | Hell     | Noticed Geryon
 90759 | D:15     | Learned a level 9 spell: Dragon's Call
 90764 | D:15     | Learned a level 4 spell: Manifold Assault
 90906 | Vaults:5 | Entered Level 5 of the Vaults
 90921 | Vaults:4 | Gained mutation: Your body sometimes deteriorates upon
                  | taking damage. [mutagenic glow]
 90922 | Vaults:4 | Reached skill level 1 in Translocations
 91103 | Vaults:5 | Noticed an ancient lich
 91116 | Vaults:5 | Reached skill level 19 in Dodging
 91119 | Vaults:5 | Noticed a dread lich
 91178 | Vaults:5 | Reached skill level 5 in Translocations
 91381 | Vaults:5 | Noticed a dread lich
 91394 | Vaults:5 | Killed a dread lich
 91397 | Vaults:5 | Killed an ancient lich
 91855 | Vaults:5 | Identified the +7 shortbow "Tasmeimi" {heavy, rPois MP+9}
 91880 | Vaults:5 | Killed a dread lich
 92032 | Vaults:5 | Identified the ring "Ekhe" {rF- rC+ Int+5}
 92711 | Vaults:5 | Got The Fundamentals of Spellweaving
 92759 | Vaults:5 | Reached XP level 25. HP: 184/184 MP: 45/45
 93841 | Vaults:5 | Got a silver rune of Zot
 93925 | Vaults:5 | Got the Atlas of the Hidden Priests
 94123 | Crypt:1  | Entered Level 1 of the Crypt
 94133 | Crypt:1  | Learned a level 8 spell: Maxwell's Capacitive Coupling
 95224 | Crypt:2  | Noticed Sojobo
 95231 | Crypt:2  | Killed Sojobo
 95335 | Crypt:2  | Identified the +1 buckler of Jilett {SInv}
 95822 | Crypt:2  | Found a large runed translucent door.
 95823 | Crypt:2  | Found a large runed translucent door.
 95825 | Crypt:2  | Noticed Goac's ghost (veteran MiBe)
 96033 | Crypt:3  | Entered Level 3 of the Crypt
 96719 | Crypt:3  | Reached skill level 20 in Dodging
 97254 | Crypt:3  | Found a staircase to the Tomb.
 97472 | Crypt:3  | Noticed a dread lich
 97485 | Crypt:3  | Killed a dread lich
 97561 | Crypt:3  | Got Kikubaaqudgha's Textbook on Evil
 97562 | Crypt:3  | Identified the staff of air "Rifegom" {rElec Str+2 Int+3}
 97570 | Crypt:3  | Identified the staff of conjuration "Cecalian" {rPois rN+
                  | Str-5 Stlth+}
 98010 | Zot:1    | Entered Level 1 of the Realm of Zot
 98025 | Zot:1    | Noticed Grunn
 98031 | Zot:1    | Killed Grunn
 98032 | Zot:1    | Reached XP level 26. HP: 196/196 MP: 26/46
 98718 | Zot:1    | Found a transporter.
 98718 | Zot:1    | Noticed Uweetenk's ghost (veteran AtFi)
 98754 | Zot:1    | Found the +11 plutonium sword {Contam Stlth-}
 98979 | Zot:1    | Found a transporter.
101723 | Zot:2    | Identified the staff of cold "Tinnivo" {rC+ MP+9}
101908 | Zot:3    | Found a transporter.
102376 | Zot:3    | Found a transporter.
102389 | Zot:3    | Noticed an orb of fire
102391 | Zot:3    | Noticed an orb of fire
102398 | Zot:3    | Gained mutation: You are weak. (Str -2) [an orb of fire]
102404 | Zot:3    | Killed an orb of fire
102423 | Zot:3    | Killed an orb of fire
102681 | Zot:3    | Identified the ring "Poyfir" {AC+4 Int+2}
102697 | Zot:3    | Identified the ring "Mioth" {MP+9 Int+2 Dex-5 Slay+2}
102725 | Zot:3    | Identified the ring of Vaefeq {rF+ rN+ Int+6}
102812 | Zot:4    | Reached skill level 21 in Dodging
102812 | Zot:4    | Reached XP level 27. HP: 204/204 MP: 31/46
102815 | Zot:4    | Acquired 987 gold pieces
104636 | Zot:5    | Entered Level 5 of the Realm of Zot
104818 | Zot:5    | Noticed an orb of fire
104843 | Zot:5    | Noticed an orb of fire
105028 | Depths:4 | Bought a manual of Dodging for 1920 gold pieces
105028 | Depths:4 | Bought an Inescapable Atlas for 768 gold pieces
105189 | D:12     | Bought a +4 ring of slaying for 1014 gold pieces
105219 | D:12     | Learned a level 7 spell: Storm Form
105412 | Depths:4 | Voluntarily entered the Abyss.
105480 | Abyss:1  | Found a corrupted altar of Lugonu.
105600 | Abyss:2  | Reached skill level 1 in Unarmed Combat
105872 | Abyss:2  | Gained mutation: You are occasionally teleported next to
                  | monsters. [a neqoxec]
105919 | Abyss:2  | Gained mutation: You are very weak. (Str -4) [a neqoxec]
106386 | Abyss:2  | Paralysed by accursed screaming for 1 turns
106537 | Abyss:2  | Reached skill level 5 in Unarmed Combat
106537 | Abyss:2  | Reached skill level 10 in Translocations
106632 | Abyss:2  | Found a corrupted altar of Lugonu.
106719 | Abyss:2  | Found a corrupted altar of Lugonu.
106932 | Abyss:3  | Reached skill level 22 in Dodging
107405 | Abyss:3  | Found a corrupted altar of Lugonu.
107442 | Abyss:3  | Got an abyssal rune of Zot
107870 | Depths:4 | Escaped the Abyss
108293 | Depths:4 | Learned a level 2 spell: Wereblood
108417 | Zig:1    | Entered Level 1 of a ziggurat
108441 | Zig:2    | Entered Level 2 of a ziggurat
108534 | Zig:3    | Entered Level 3 of a ziggurat
108767 | Zig:4    | Entered Level 4 of a ziggurat
108924 | Zig:4    | Identified the staff of conjuration "Lafiejov" {Str+4}
108931 | Zig:5    | Entered Level 5 of a ziggurat
108932 | Zig:5    | Noticed a dread lich
108938 | Zig:5    | Killed a dread lich
109018 | Zig:6    | Entered Level 6 of a ziggurat
109148 | Zig:6    | Identified the ring "Xicsarr" {rElec Will+ Str+4 Int+6
                  | Slay+2}
109166 | Zig:7    | Entered Level 7 of a ziggurat
109366 | Zig:8    | Entered Level 8 of a ziggurat
109546 | Zig:8    | Identified the ring "Erchefom" {rElec rC+ Str-4 Dex+6}
109550 | Zig:8    | Identified the ring of Ogugri Pitunt {Wiz rPois Int+2}
109560 | Zig:8    | Identified the staff of conjuration "Ginoyt" {Str+3}
109588 | Zig:9    | Entered Level 9 of a ziggurat
109608 | Zig:9    | Noticed an ancient lich
109620 | Zig:9    | Killed an ancient lich
109787 | Zig:9    | Acquired 997 gold pieces
109797 | Zig:9    | Identified the ring of Lady Luck {rElec rN++ Will+ Str-4
                  | Dex+3}
109804 | Zig:9    | Identified the +9 dagger of Sequestration {protect, Will+
                  | Str+3 Int-5 SInv}
109840 | Zig:10   | Entered Level 10 of a ziggurat
110043 | Zig:10   | Found the +10 Black Knight's barding {ponderous, rPois rN+}
110065 | Zig:10   | Found the +0 mask of the Dragon {Will+ Slay+3 SInv}
110081 | Zig:10   | Identified the ring "Tead" {rElec rPois AC+4 Int-3 Dex+8}
110219 | Zig:10   | Identified the +7 broad axe of Zyfakaed {freeze, Str+5}
110244 | Zig:10   | Got Ahol's Enchiridion on the Contaminated Whammy
110262 | Zig:10   | Reached skill level 10 in Unarmed Combat
110266 | Zig:11   | Entered Level 11 of a ziggurat
110279 | Zig:11   | Noticed an ancient lich
110285 | Zig:11   | Noticed a dread lich
110298 | Zig:11   | Killed a dread lich
110583 | Zig:11   | Found the +11 Singing Sword {sonic wave}
110848 | Zig:11   | Identified the +6 scale mail "Beonat" {Str+3}
110926 | Zig:12   | Entered Level 12 of a ziggurat
110932 | Zig:12   | Noticed an ancient lich
110933 | Zig:12   | Noticed a dread lich
110935 | Zig:12   | Reached skill level 23 in Dodging
110939 | Zig:12   | Noticed a dread lich
110949 | Zig:12   | Killed a dread lich
110951 | Zig:12   | Killed a dread lich
110951 | Zig:12   | Killed an ancient lich
111131 | Zig:12   | Identified the ring "Zosesaf" {rPois rCorr Str+3 Dex+3}
111143 | Zig:12   | Identified the staff of cold "Jetae" {Fly rC+ Will+ MP+9
                  | Int-2}
111149 | Zig:12   | Identified the +11 shortbow of Vuloneu {freeze, Int+3}
111152 | Zig:12   | Identified the +0 leather armour "Fisap" {rPois rF+}
111156 | Zig:13   | Entered Level 13 of a ziggurat
111172 | Zig:13   | Paralysed by an air elemental for 1 turns
111186 | Zig:13   | Found the +8 trishula "Condemnation" {holy, anguish, *Noise
                  | Fly rN+}
111357 | Zig:13   | Found the +4 Cigotuvi's embrace {Corpsefed rMiasma Drain
                  | rN+}
111413 | Zig:13   | Identified the staff of poison "Huwinif" {Fly rPois}
111433 | Zig:13   | Identified the +9 plate armour of the Healing Gods {-Cast
                  | Str+4}
111434 | Zig:13   | Identified the +1 dagger "Unubrooq" {flame, rElec rPois
                  | Dex+3 SInv}
111439 | Zig:13   | Identified the staff of earth "Yno Qiut" {Str+5}
111446 | Zig:13   | Learned a level 3 spell: Ignite Poison
111471 | Zig:14   | Entered Level 14 of a ziggurat
111493 | Zig:14   | Gained mutation: You are clumsy. (Dex -2) [a neqoxec]
111506 | Zig:14   | Paralysed by accursed screaming for 2 turns
111738 | Zig:14   | Identified the ring of Tynus {Fire rPois Str+2}
111758 | Zig:14   | Identified the staff of fire "Vireqaxa" {rPois rF+ rN+
                  | Str-3 Int+7}
111765 | Zig:14   | Identified the staff of air "Kieduqada" {rElec rF+ Int+3}
111828 | Zig:14   | Identified the +0 leather armour of the Ego {Rampage rN+}
111832 | Zig:15   | Entered Level 15 of a ziggurat
111841 | Zig:15   | Noticed an ancient lich
111850 | Zig:15   | Killed an ancient lich
111850 | Zig:15   | Noticed a dread lich
111865 | Zig:15   | Killed an ancient lich
111869 | Zig:15   | Killed a dread lich
112102 | Zig:15   | Got the Collected Works on Spectral Infection
112104 | Zig:15   | Identified the staff of conjuration "Ysuklusi" {Dex+7}
112109 | Zig:15   | Acquired 753 gold pieces
112118 | Zig:15   | Got the Tome of Contamination and Destruction
112176 | Zig:16   | Entered Level 16 of a ziggurat
112417 | Zig:16   | Reached skill level 24 in Dodging
112418 | Zig:16   | Reached skill level 15 in Unarmed Combat
112426 | Zig:16   | Got Oxkil's Information on the Pyromaniac
112430 | Zig:16   | Identified the +1 long sword of Qeweguff {freeze, Will+}
112459 | Zig:16   | Identified the +0 bardiche of Trog's Righteous Fury {flame,
                  | rC++}
112517 | Zig:17   | Entered Level 17 of a ziggurat
113007 | Zig:17   | Identified the ring of Iraarupe {Fire Will+ Int-5 SInv}
113023 | Zig:18   | Entered Level 18 of a ziggurat
113219 | Zig:18   | Lost mutation: You are clumsy. (Dex -2) [potion of
                  | mutation]
113219 | Zig:18   | Lost mutation: Your body sometimes deteriorates upon taking
                  | damage. [potion of mutation]
113219 | Zig:18   | Lost mutation: You are occasionally teleported next to
                  | monsters. [potion of mutation]
113219 | Zig:18   | Gained mutation: You expend magic power (3 MP) to
                  | strengthen your wands. [potion of mutation]
113220 | Zig:18   | Lost mutation: You expend magic power (3 MP) to strengthen
                  | your wands. [potion of mutation]
113220 | Zig:18   | Lost mutation: You are very weak. (Str -4) [potion of
                  | mutation]
113220 | Zig:18   | Lost mutation: You are weak. (Str -2) [potion of mutation]
113220 | Zig:18   | Gained mutation: You are robust. (+10% HP) [potion of
                  | mutation]
113220 | Zig:18   | Gained mutation: You have a pair of small antennae on your
                  | head. [potion of mutation]
113220 | Zig:18   | Gained mutation: You are partially covered in iridescent
                  | scales. (AC +2) [potion of mutation]
113260 | Zig:18   | Identified the staff of earth "Qequeril" {rPois SInv}
113399 | Zig:19   | Entered Level 19 of a ziggurat
113417 | Zig:19   | Noticed Veweh the pandemonium lord
113419 | Zig:19   | HP: 11/227 [balrug/divine providence (10)]
113419 | Zig:19   | Killed from afar by an Ice Fiend

Illustrated notes

Levels and vault maps discovered:
D:1:      evilmike_arrival_hilbert_curve, layout_basic, nicolae_shop_vocational
D:2:      minmay_general_purpose_star, layout_basic, basic_altar,
          grunt_decor_clamped, minmay_worlds_worst_comb
D:3:      minmay_razor_zed, layout_loops_ring
D:4:      layout_cave_pools, serial_shops, nicolae_take_the_stairs,
          nicolae_ossuary_entry_plus, guppyfry_early_lair_pool,
          uniq_crazy_yiuf_cottage
D:5:      layout_gridville, gammafunk_temple_overflow_elements,
          minmay_temple_entry_waves, chequers_serial_rivers_marsh
D:6:      layout_cave_pools, nzn_wu_jian_council_hall
D:7:      layout_loops_ring, chequers_arboretum, kennysheep_generic_room_8,
          uniq_menkaure
D:8:      layout_gridville, minitemple, due_lair_maze_entry_diamond, uniq_maggie
D:9:      layout_loops_corners, kennysheep_mini, fedhas_ov_isle_minmay,
          gammafunk_ghost_wrathful_warriors, uniq_psyche, uniq_harold
D:10:     layout_loops_ring, bloody_makhleb, david_orc_3, gammafunk_ghost_hive
D:11:     layout_basic, enter_trove_3
D:12:     layout_basic, serial_shops, kennysheep_little_box,
          portal_ice_cave_entry_imps
D:13:     layout_rooms
D:14:     layout_loops_ring, erik_vaults_1, nicolae_water_bricks
D:15:     grunt_enter_depths_giant_problem, layout_irregular_city, serial_shops,
          shop, kennysheep_pointless_box
Temple:   nicolae_temple_ecumenical_triangle
Lair:1:   layout_layer_cave, serial_bayou_lagoon_a, uniq_sonja, uniq_amaemon
Lair:2:   layout_hall_layers, lemuel_fruit_fields, serial_bayou_shore_a
Lair:3:   layout_layer_cave, minmay_shoals_entry_centaurs,
          spider_nest_entry_rubble, serial_bayou_shore_b,
          infiniplex_staircase_pool, grunt_megastairs_2, serial_bayou_shore_b,
          uniq_josephine
Lair:4:   layout_gridlike, grunt_megastairs_1
Lair:5:   gammafunk_lair_ancient_temple, layout_small_grid, slime_entry_1
Shoals:1: layout_shoals, uniq_louise
Shoals:2: layout_shoals, serial_shops,
          nicolae_shop_temple_entry_statues_fountains,
          nicolae_shoals_hidden_pirate_stash
Shoals:3: layout_shoals
Shoals:4: shoals_end_hellmonk_storm_palace [storm_palace_center_square,
          storm_palace_corner_altar, storm_palace_corner_altar,
          storm_palace_corner_grid, storm_palace_corner_blocked]
Spider:1: nicolae_spider_jumping_over_cracks [nicolae_spider_jumping_sub_narrow,
          nicolae_spider_jumping_sub_stairs, nicolae_spider_jumping_sub_grid,
          nicolae_spider_jumping_sub_notch]
Spider:2: layout_spider_delve, uniq_aizul, uniq_mlioglotl
Spider:3: layout_cave_pods, uniq_nikola, uniq_agnes
Spider:4: spider_rune_water, hellmonk_deceptive_appearances
Orc:1:    layout_diamond_mine
Orc:2:    grunt_orc_gardens, layout_caves, grunt_orc_garden, grunt_orc_garden,
          grunt_orc_garden, grunt_orc_garden, enter_volcano_3
Elf:1:    elf_arrival_002, layout_gridlike, kennysheep_underground_church,
          minmay_shop_grove, uniq_frances, uniq_roxanne
Elf:2:    elven_hall_of_blades_hangedman_alternative
          [mumra_blade_entry_bloodbath], layout_geoelf_grid, serial_shops,
          nicolae_shop_bloodbath_and_beyond, shop, nicolae_shop_stone, drop_trap
Elf:3:    elf_hall, layout_geoelf_octagon, serial_shops,
          nicolae_shop_hallway_stairs, hangedman_elven_ridges,
          hangedman_elf_targetted_burst, nicolae_elf_martial_mastery
Vaults:1: v_rooms_4, ontoclasm_vaults_hangar,
          nicolae_vaults_stairing_the_circle, v_pattern_5, v_misc_8,
          ontoclasm_vaults_ring_large, st_lattice, hangedman_vaults_river_flow,
          hangedman_vaults_pinch, v_rooms_6, layout_vaults_omnibox,
          serial_shops, shop
Vaults:2: hangedman_vaults_variations, nicolae_vaults_network_periphery,
          v_misc_3, ontoclasm_vaults_shuriken, nicolae_vaults_network_square,
          vaults_room_guarded_vault, ontoclasm_vaults_tryst,
          dpeg_vaults_monster_box, serial_ice_h, v_misc_13, vaults_mumra_hex,
          layout_vaults_ring, serial_shops, shop, uniq_donald
Vaults:3: minmay_crypt_entry_simple_plaza, hangedman_vaults_impose,
          hangedman_vaults_maws, hangedman_vaults_restitches,
          layout_vaults_quadrants, serial_shops, shop
Vaults:4: vaults_mumra_minichess, nicolae_vaults_circle_grid_a, v_misc_17,
          st_cross, v_misc_19, ontoclasm_vaults_gateway,
          vaults_mumra_minichess_inversion, v_misc_24, v_misc_19,
          vaults_room_corners, vaults_dpeg_doors, hangedman_vaults_stream,
          grunt_vaults_diagonal, ontoclasm_vaults_idyll, vaults_room_fours,
          vaults_room_fours, layout_vaults_maze, uniq_frederick, uniq_zenata,
          uniq_mennas
Vaults:5
Crypt:1:  layout_chaotic_city, grunt_crypt_arrival_split, grunt_megastairs_3
Crypt:2:  layout_chaotic_city, ebering_ghost_disaster_area, uniq_sojobo
Crypt:3:  david_glass_crypt, layout_chaotic_city,
          nicolae_tomb_entry_unfolded_pyramid_orthogonal, palyth_stone_intersect
Depths:1: layout_cross, serial_shops, shop, grunt_dithmenos_smoke,
          pf_hell_entry_tar_river, okawaru_gym_becter, minmay_shoptagon,
          uniq_asterion
Depths:2: vault_1, layout_basic, enter_ziggurat_e, hell_entry, serial_shops,
          shop_statue, eino_curves_01, pan_entry, nicolae_rock_paper_scissors,
          minmay_staircase_windowed_small
Depths:3: minmay_the_grid_triangle_9x9_rhombus_full
          [minmay_the_grid_triangle_9x9_windchime,
          minmay_the_grid_triangle_9x9_zippers_vertical,
          minmay_the_grid_triangle_9x9_swiss_cheese,
          minmay_the_grid_triangle_9x9_from_above,
          minmay_the_grid_triangle_9x9_sparse_checkered,
          minmay_the_grid_triangle_9x9_odd_lines,
          minmay_the_grid_triangle_9x9_empty,
          minmay_the_grid_triangle_9x9_prize_center], layout_gridlike,
          pan_entry, marbit_kobold_abyss_entry, grunt_mini_vestibule,
          roderic_serpentine_path, small_statue_intersection,
          serial_bayou_shore_b
Depths:4: grunt_zot_entry_bicorn, layout_basic, hell_entry,
          abyss_entry_small_statue_room, hangedman_abyss_or_decor_passed,
          serial_shops, nicolae_square_shop, lemuel_flamethrower_2
Hell
Zot:1:    layout_gridville, gammafunk_ghost_arena, uniq_grunn
Zot:2:    hangedman_snap_crack_crunch, layout_concentric_octagons
Zot:3:    gammafunk_dig_for_victory, layout_misc_corridors,
          hangedman_zot_wheel_spokes
Zot:4:    layout_twisted_circle, grunt_ministairs_5, st_stairs_7
Zot:5:    layout_basic
Zig:19

Skill      XL: |  1  2  3  4  5  6  7  8  9 10 11 12 13 14 15 16 17 18 19 20 21 22 23 24 25 26 27 |
---------------+----------------------------------------------------------------------------------+-----
Spellcasting   | 3 4 5 6 7 8 9 10 11 12 13 14 15 16 17 18 19 21 | 21.2
Fighting       | 1 2 4 5 6 8 9 10 11 13 14 15 16 17 18 19 20 22 | 22.8
Shields        | 1 2 4 5 6 8 |  8.4
Dodging        | 3 4 6 7 8 9 11 12 13 14 15 16 17 18 19 20 21 24 | 24.3
Air Magic      | 4 5 6 7 8 10 11 12 13 14 15 16 18 | 18.7
Evocations     | 6 10 12 14 | 14.7
Summonings     | 1 6 8 9 11 13 15 16 18 20 | 20.0
Transmutations | 3 7 9 10 14 | 14.2
Conjurations   | 2 4 7 9 |  9.8
Earth Magic    | 3 |  3.7
Translocations | 7 8 11 | 11.6
Unarmed Combat | 15 | 15.7
Stealth        | |  2.8

Action                     |  1- 3 |  4- 6 |  7- 9 | 10-12 | 13-15 | 16-18 | 19-21 | 22-24 | 25-27 || total
---------------------------+-------+-------+-------+-------+-------+-------+-------+-------+-------++-------
  Melee: Unarmed           |    13 |       |       |       |       |       |       |       |   525 ||   538
         Constrict         |     5 |     6 |     6 |    10 |     6 |     9 |    51 |    32 |    45 ||   170
         Tentacles         |     2 |     5 |     8 |    31 |    40 |    11 |   111 |    82 |   109 ||   399
         Whip              |     4 |    17 |     8 |       |       |       |       |       |       ||    29
         Punch             |       |     1 |       |     1 |     4 |     1 |     8 |     6 |    32 ||    53
         Short sword       |       |       |    14 |    68 |    35 |       |       |       |       ||   117
         Demon whip        |       |       |       |       |    80 |    34 |    32 |       |       ||   146
         Demon trident     |       |       |       |       |       |       |   325 |   242 |   161 ||   728
         Staff             |       |       |       |       |       |       |       |       |   137 ||   137
   Cast: Shock             |    96 |   155 |   182 |    13 |     1 |       |       |       |       ||   447
         Static Discharge  |     1 |    14 |    21 |     8 |    10 |       |       |       |       ||    54
         Airstrike         |       |     2 |    61 |   337 |   846 |   571 |   478 |    63 |       ||  2358
         Swiftness         |       |       |     1 |     3 |     6 |     4 |     3 |       |       ||    17
         Summon Lightning  |       |       |       |       |     8 |    91 |    72 |       |       ||   171
         Mephitic Cloud    |       |       |       |       |     3 |     6 |     9 |       |       ||    18
         Blink             |       |       |       |       |     2 |     1 |     5 |     3 |     2 ||    13
         Summon Forest     |       |       |       |       |       |    51 |    61 |    13 |       ||   125
         Summon Mana Viper |       |       |       |       |       |    59 |   130 |    29 |       ||   218
         Passwall          |       |       |       |       |       |     1 |       |       |     1 ||     2
         Statue Form       |       |       |       |       |       |       |    70 |    73 |    68 ||   211
         Apportation       |       |       |       |       |       |       |     1 |       |   149 ||   150
         Arcjolt           |       |       |       |       |       |       |    11 |     3 |       ||    14
         Irradiate         |       |       |       |       |       |       |     9 |     8 |     5 ||    22
         Summon Horrible T |       |       |       |       |       |       |       |   218 |   212 ||   430
         Freezing Cloud    |       |       |       |       |       |       |       |     3 |     1 ||     4
         Dragon's Call     |       |       |       |       |       |       |       |     1 |    71 ||    72
         Maxwell's Capacit |       |       |       |       |       |       |       |       |    11 ||    11
         Manifold Assault  |       |       |       |       |       |       |       |       |    80 ||    80
         Storm Form        |       |       |       |       |       |       |       |       |    37 ||    37
         Wereblood         |       |       |       |       |       |       |       |       |    14 ||    14
         Ignite Poison     |       |       |       |       |       |       |       |       |     2 ||     2
 Invoke: Call Merchant     |       |       |       |       |     4 |       |     1 |     1 |     2 ||     8
         Potion Petition   |       |       |       |       |     2 |     2 |     2 |     7 |    20 ||    33
Ability: Blinkbolt         |       |       |       |       |       |       |       |       |     3 ||     3
         End Transformatio |       |       |       |       |       |       |       |       |     2 ||     2
  Evoke: Wand              |       |       |     2 |    31 |    32 |     6 |     4 |    11 |    10 ||    96
         Lightning rod     |       |       |       |       |     3 |     3 |    11 |     4 |     1 ||    22
         Condenser vane    |       |       |       |       |     1 |     5 |     8 |    11 |    13 ||    38
         Phial of floods   |       |       |       |       |     1 |       |       |       |       ||     1
         Phantom mirror    |       |       |       |       |       |       |     1 |     7 |     6 ||    14
         Box of beasts     |       |       |       |       |       |       |     1 |     4 |     6 ||    11
         Tin of tremorston |       |       |       |       |       |       |     1 |     2 |       ||     3
    Use: Potion            |     2 |     1 |     2 |       |     6 |     8 |     4 |     7 |    14 ||    44
         Scroll            |       |     2 |     8 |     2 |    13 |    13 |    10 |    17 |    11 ||    76
   Stab: Sleeping          |     1 |       |       |       |     1 |       |     2 |     1 |       ||     5
         Paralysed         |       |       |     7 |    17 |       |       |     2 |       |       ||    26
         Distracted        |       |       |       |       |     1 |     3 |    11 |    13 |    20 ||    48
         Invisible         |       |       |       |       |       |       |       |     3 |       ||     3
 Armour: Skin              |     3 |     5 |     9 |       |    31 |     5 |   284 |   192 |   362 ||   891
  Dodge: Dodged            |    11 |    41 |    90 |    85 |   345 |   273 |  1641 |  1041 |  1407 ||  4934
  Block: Buckler           |       |     3 |       |     5 |   108 |   112 |   480 |   288 |   235 ||  1231
         Reflection        |       |       |       |       |       |    18 |     1 |       |       ||    19

Table legend: (Time is in decaauts)
 A = Elapsed time spent in this place.
 B = Non-inter-level travel time spent in this place.
 C = Inter-level travel time spent in this place.
 D = Time resting spent in this place.
 E = Time spent auto-exploring this place.
 F = Levels seen in this place.
 G = Mean time per level.
                   A        B        C        D        E       F      G
               +--------+--------+--------+--------+--------+-----+--------+
         Total | 119369 | 111198 |   8171 |  30158 |  63008 |  76 | 1570.6 |
       Dungeon |  32606 |  29375 |   3231 |   7671 |  18586 |  15 | 2173.7 |
        Temple |     18 |     18 |      0 |      0 |      0 |   1 |   18.0 |
          Lair |  14087 |  13143 |    944 |   4409 |   7605 |   5 | 2817.4 |
        Shoals |   7277 |   6824 |    453 |   1705 |   4020 |   4 | 1819.2 |
   Spider Nest |   6919 |   6608 |    311 |   1497 |   3983 |   4 | 1729.8 |
  Orcish Mines |   5810 |   5041 |    769 |   2088 |   2485 |   2 | 2905.0 |
   Elven Halls |  10362 |   9697 |    665 |   5788 |   2832 |   3 | 3454.0 |
        Vaults |  12554 |  11867 |    687 |   1682 |   7501 |   5 | 2510.8 |
         Crypt |   4287 |   4100 |    187 |    293 |   2877 |   3 | 1429.0 |
        Depths |   9442 |   8799 |    643 |   2180 |   4870 |   4 | 2360.5 |
          Hell |     13 |     13 |      0 |      0 |      0 |   1 |   13.0 |
           Zot |   7847 |   7572 |    275 |   1434 |   4858 |   5 | 1569.4 |
         Abyss |   2542 |   2542 |      0 |    297 |    193 |   4 |  635.5 |
      Ziggurat |   5077 |   5077 |      0 |   1111 |   2786 |  19 |  267.2 |
       Ossuary |    522 |    522 |      0 |      0 |    409 |   1 |  522.0 |
               +--------+--------+--------+--------+--------+-----+--------+

Top non-repeatable levels by time:
  Lair:3: 4910 daAuts
   Orc:2: 4021 daAuts
   Elf:1: 3766 daAuts
Depths:2: 3513 daAuts
   Elf:3: 3430 daAuts
  Lair:1: 3422 daAuts
   Elf:2: 3165 daAuts
Vaults:4: 3117 daAuts
    D:14: 2995 daAuts
    D:12: 2955 daAuts
    D:15: 2895 daAuts
Shoals:4: 2803 daAuts
Vaults:5: 2769 daAuts
    D:13: 2640 daAuts
    D:11: 2549 daAuts
